 Dungeon Crawl Stone Soup version 0.27-a0-1301-g128193abf8 (console) character file.

Game seed: 11619448759315503148

2659 jejorda2 the Carver (level 9, -7/69 HPs)
             Began as a Merfolk Berserker on June 17, 2021.
             Was an Elder of Trog.
             Mangled by a skeletal warrior (27 damage)
             ... led by a skeletal warrior
             ... on level 7 of the Dungeon.
             The game lasted 00:18:14 (9709 turns).

jejorda2 the Carver (Merfolk Berserker)             Turns: 9709, Time: 00:18:15

Health: -7/69      AC: 14    Str: 21    XL:     9   Next: 63%
Magic:  9/9        EV: 13    Int:  6    God:    Trog [****..]
Gold:   218        SH:  0    Dex: 13    Spells: 8/8 levels left

rFire    . . .     SeeInvis .   a - +1 falchion (flame)
rCold    . . .     Faith    .   (no shield)
rNeg     . . .     Spirit   .   d - quicksilver dragon scales
rPois    +         Reflect  .   n - +1 helmet
rElec    .         Harm     .   c - +0 cloak
rCorr    .         Rampage  .   (no gloves)
Will     +....                  (no boots)
Stlth    +.........             (no amulet)
HPRegen  0.21/turn              v - ring of poison resistance
MPRegen  0.11/turn              (no ring)

@: mighty, on berserk cooldown, hasted and slowed
A: (nimble swimmer 2), mertail
a: Renounce Religion, Berserk, Trog's Hand, Brothers in Arms


You were on level 7 of the Dungeon.
You worshipped Trog.
Trog was greatly pleased with you.
You visited 1 branch of the dungeon, and saw 7 of its levels.
You also visited: Ossuary.

You collected 256 gold pieces.
You spent 38 gold pieces at shops.

Inventory:

Hand Weapons
 a - a +1 falchion of flaming (weapon)
Missiles
 b - 5 boomerangs (quivered)
 u - 46 poisoned darts
Armour
 c - a +0 cloak (worn)
 d - quicksilver dragon scales (worn)
 i - a +0 kite shield
 n - a +1 helmet (worn)
Jewellery
 v - a ring of poison resistance (left hand)
Wands
 q - a wand of iceblast (6)
 t - a wand of paralysis (11)
 y - a wand of flame (3)
Scrolls
 j - 3 scrolls of fear
 k - 2 scrolls of immolation
 l - a scroll of enchant weapon
 z - a scroll of fog
 A - a scroll of enchant armour
Potions
 e - a potion of haste
 f - a potion of berserk rage
 g - 2 potions of heal wounds
 h - 2 potions of attraction
 m - a potion of brilliance {unknown}
 o - 5 potions of curing
 p - a potion of ambrosia
 r - a potion of mutation
 w - 2 potions of magic {unknown}
 x - 2 potions of flight {unknown}


   Skills:
 - Level 6.0 Fighting
 * Level 10.6 Long Blades
 + Level 5.2 Armour
 + Level 5.3 Dodging


You had 8 spell levels left.
You didn't know any spells.
Your spell library was empty.

Dungeon Overview and Level Annotations

Branches:
Dungeon (7/15)             Temple (0/1) D:5         Ossuary (visited)

Altars:
Ashenzari
Cheibriados
Makhleb
Okawaru
Uskayaw
Xom
Yredelemnul
Beogh

Shops:
D:5 ?

Annotations:
D:7 3 runed translucent doors, ZappyNine's ghost, novice DECj


Innate Abilities, Weirdness & Mutations

((You are quick and stealthy near water. (Stealth+, EV+, Speed+++)))
Your lower body shifts to a powerful aquatic tail in water.


Message History

You hit the skeletal warrior but do no damage.
The skeletal warrior is severely damaged.
The skeletal warrior hits you with a +0 glaive!
The skeletal warrior closely misses you.
You hit the skeletal warrior but do no damage.
The skeletal warrior is severely damaged.
ZappyNine's ghost whispers, "It is all a dream - a grotesque and foolish dream."
You hit the skeletal warrior. You burn the skeletal warrior.
The skeletal warrior is severely damaged.
The skeletal warrior completely misses you.
The skeletal warrior hits you from afar with a +0 glaive!!
You hit the skeletal warrior. You burn the skeletal warrior.
The skeletal warrior is almost destroyed.
You barely miss the skeletal warrior.
The skeletal warrior is almost destroyed.
The skeletal warrior hits you but does no damage.
The skeletal warrior hits you from afar with a +0 glaive!
You slash the skeletal warrior! You burn the skeletal warrior.
You destroy the skeletal warrior!
Trog accepts your kill.
Your Armour skill increases to level 5!
Your Dodging skill increases to level 5!
You are no longer berserk.
Trog's vigour flows through your veins.
You are exhausted.
You feel yourself slow down.
The skeletal warrior hits you with a +0 glaive.
* * * LOW HITPOINT WARNING * * *
You see here a +0 glaive.
You hit the skeletal warrior. You burn the skeletal warrior.
The skeletal warrior is lightly damaged.
The skeletal warrior hits you with a +0 glaive.
* * * LOW HITPOINT WARNING * * *
You closely miss the skeletal warrior.
The skeletal warrior is lightly damaged.
ZappyNine's ghost screams at you, "You cannot imagine the pain and torment in store for you!"
You hit the skeletal warrior. You burn the skeletal warrior.
The skeletal warrior is lightly damaged.
The skeletal warrior hits you with a +0 glaive!!
You die...

...##
....##8....[_[)...8#
##...#.............#
.....#.#8#..8..#8#.#
.....#.###.....###.#
.....#....#####oooo#
..z..#........ooooW#
..##.######+++#######
.###.8....z....z@..8#
## #.........########
###########


You could see 2 skeletal warriors, 2 orc warriors, an orc priest, ZappyNine's
ghost and 5 orcs.

Vanquished Creatures
  A skeletal warrior (D:7)
  A steam dragon (D:7)
  A water moccasin (D:6)
  An ice beast (D:6)
  An orc warrior (D:4)
  A sky beast (D:5)
  A necrophage (D:6)
  A phantom (D:5)
  Blork the orc (D:5)
  A bullfrog (D:7)
  5 water moccasin zombies
  A water moccasin skeleton (D:7)
  5 killer bees (D:7)
  An orc priest (D:4)
  A bullfrog skeleton (D:6)
  A gnoll shaman (D:6)
  Ijyb (D:5)
  Terence (D:3)
  2 iguanas
  Natasha (thrice) (D:3)
  3 orc wizards
  A killer bee zombie (D:6)
  2 mummies (Ossuary)
  Robin (D:3)
  13 gnolls
  7 adders
  2 shadow imps
  A white imp (D:5)
  2 adder zombies (Ossuary)
  2 worms
  A dart slug (D:2)
  15 orcs
  8 ball pythons
  7 endoplasms
  3 giant cockroaches
  6 gnoll zombies (Ossuary)
  16 goblins
  9 hobgoblins
  3 jackals (D:2)
  8 kobolds
  4 quokkas
  3 bats
  4 frilled lizards
  4 hobgoblin zombies (Ossuary)
  6 kobold zombies (Ossuary)
  5 orc zombies (Ossuary)
  4 rats
171 creatures vanquished.

Notes
Turn   | Place    | Note
-------+----------+-------------------------------------------
     0 | D:1      | jejorda2 the Merfolk Berserker began the quest for the Orb.
     0 | D:1      | Reached XP level 1. HP: 18/18 MP: 1/1
   326 | D:1      | Reached XP level 2. HP: 19/24 MP: 2/2
   337 | D:1      | Found a faded altar of an unknown god.
   807 | D:2      | Reached skill level 4 in Long Blades
   807 | D:2      | Reached XP level 3. HP: 30/30 MP: 3/3
  1200 | D:2      | Reached ** piety under Trog
  1651 | D:3      | Found a hide-covered altar of Uskayaw.
  1653 | D:3      | Found a shimmering altar of Xom.
  1653 | D:3      | Found a burning altar of Makhleb.
  1654 | D:3      | Found a broken altar of Ashenzari.
  1668 | D:3      | Reached XP level 4. HP: 32/37 MP: 4/4
  1795 | D:3      | Noticed Natasha
  1804 | D:3      | Killed Natasha
  2112 | D:3      | Noticed Robin
  2125 | D:3      | Killed Robin
  2126 | D:3      | Reached XP level 5. HP: 42/42 MP: 5/5
  2237 | D:3      | Noticed Terence
  2253 | D:3      | Killed Terence
  2254 | D:3      | Reached skill level 5 in Long Blades
  2262 | D:3      | Noticed Natasha
  2361 | D:3      | Killed Natasha
  2724 | D:3      | Noticed Natasha
  2738 | D:3      | HP: 1/43 [Natasha (11)]
  2741 | D:3      | Killed Natasha
  3095 | D:3      | Found a hide-covered altar of Uskayaw.
  3096 | D:3      | Found a shimmering altar of Xom.
  3096 | D:3      | Found a burning altar of Makhleb.
  3097 | D:3      | Found a broken altar of Ashenzari.
  3621 | D:3      | Found a burning altar of Makhleb.
  3622 | D:3      | Found a broken altar of Ashenzari.
  3622 | D:3      | Found a hide-covered altar of Uskayaw.
  3681 | D:3      | Found a shimmering altar of Xom.
  3850 | D:4      | Found a sand-covered staircase.
  3858 | Ossuary  | Entered an ossuary
  3888 | Ossuary  | Reached XP level 6. HP: 46/49 MP: 6/6
  4039 | Ossuary  | Reached skill level 6 in Long Blades
  4048 | Ossuary  | Reached *** piety under Trog
  4159 | Ossuary  | Reached skill level 5 in Fighting
  4159 | Ossuary  | Reached XP level 7. HP: 49/56 MP: 7/7
  4937 | D:4      | Reached skill level 7 in Long Blades
  5338 | D:5      | Entered Level 5 of the Dungeon
  5345 | D:5      | Found Lolupuklit's Magic Scroll Shoppe.
  5356 | D:5      | Bought a scroll of fear for 38 gold pieces
  6266 | D:5      | Noticed Ijyb
  6283 | D:5      | Killed Ijyb
  6412 | D:5      | Reached XP level 8. HP: 59/64 MP: 8/8
  6446 | D:5      | Found a large runed translucent door.
  6458 | D:5      | Found a staircase to the Ecumenical Temple.
  6634 | D:5      | Noticed Blork the orc
  6647 | D:5      | Killed Blork the orc
  6763 | D:5      | Reached skill level 8 in Long Blades
  7290 | D:5      | Found a large runed translucent door.
  7469 | D:5      | Found a snail-covered altar of Cheibriados.
  7488 | D:5      | Found an iron altar of Okawaru.
  7584 | D:6      | Found a basalt altar of Yredelemnul.
  7915 | D:6      | Reached skill level 9 in Long Blades
  8665 | D:5      | Reached **** piety under Trog
  9180 | D:7      | Reached XP level 9. HP: 51/69 MP: 9/9
  9271 | D:7      | Noticed a skeletal warrior
  9282 | D:7      | Noticed a skeletal warrior
  9283 | D:7      | Noticed a skeletal warrior
  9309 | D:7      | Found a runed translucent gate.
  9310 | D:7      | Found a runed translucent gate.
  9310 | D:7      | Identified the +11 chain mail of Ywuhuom {Will+ Int+2}
  9310 | D:7      | Noticed ZappyNine's ghost (novice DECj)
  9311 | D:7      | Found a runed translucent gate.
  9521 | D:7      | Reached skill level 10 in Long Blades
  9646 | D:7      | Noticed a skeletal warrior
  9705 | D:7      | Killed a skeletal warrior
  9706 | D:7      | Reached skill level 5 in Armour
  9706 | D:7      | Reached skill level 5 in Dodging
  9709 | D:7      | Mangled by a skeletal warrior

Illustrated notes

Levels and vault maps discovered:
D:1:      minmay_arrival_stone_box, layout_rooms, ebering_ecumenical_altar_rust,
          minmay_ruptured
D:2:      layout_loops_ring
D:3:      layout_rooms, chequers_temple_overflow_statue_of_worship,
          minivault_14, uniq_natasha, uniq_robin, uniq_terence
D:4:      layout_layer_cave, chequers_ossuary_entry_cave, minivault_5,
          minmay_crystal_room
D:5:      layout_loops_corners, jmf_multi_god_temple2,
          minmay_temple_entry_statues_pillars, serial_shops, shop,
          uniq_blork_the_orc, uniq_ijyb
D:6:      layout_layer_cave, old_standard_altar
D:7:      layout_cave_pools, biasface_ghost_orc_armoury,
          hangedman_decor_slide_cut

Skill      XL: |  1  2  3  4  5  6  7  8  9 |
---------------+----------------------------+-----
Long Blades    | 4 5 6 7 9 10 | 10.6
Armour         | 2 3 4 5 |  5.2
Fighting       | 4 5 6 |  6.0
Dodging        | 3 5 |  5.3

Action                   |  1- 3 |  4- 6 |  7- 9 || total
-------------------------+-------+-------+-------++-------
Melee: Falchion          |   101 |   213 |   428 ||   742
       Tailslap          |       |     1 |       ||     1
Throw: Dart              |       |       |    14 ||    14
       Boomerang         |       |       |     2 ||     2
Invok: Berserk           |     1 |     4 |     6 ||    11
       Trog's Hand       |       |       |     3 ||     3
  Use: Scroll            |       |     6 |    13 ||    19
       Potion            |       |       |     2 ||     2
 Stab: Sleeping          |     3 |       |       ||     3
Armor: Animal skin       |     6 |       |       ||     6
       Leather armour    |     7 |       |       ||     7
       Scale mail        |    22 |    88 |   124 ||   234
       Quicksilver drago |       |       |    73 ||    73
Dodge: Dodged            |    60 |    93 |   216 ||   369
       Rpst.: Falchion   |    22 |    31 |    70 ||   123

Table legend: (Time is in decaauts)
 A = Elapsed time spent in this place.
 B = Non-inter-level travel time spent in this place.
 C = Inter-level travel time spent in this place.
 D = Time resting spent in this place.
 E = Time spent auto-exploring this place.
 F = Levels seen in this place.
 G = Mean time per level.
                   A        B        C        D        E       F      G
               +--------+--------+--------+--------+--------+-----+--------+
         Total |   9767 |   9466 |    301 |    726 |   7163 |   8 | 1220.9 |
       Dungeon |   9289 |   8988 |    301 |    594 |   7009 |   7 | 1327.0 |
       Ossuary |    478 |    478 |      0 |    131 |    154 |   1 |  478.0 |
               +--------+--------+--------+--------+--------+-----+--------+

Top non-repeatable levels by time:
     D:4: 1771 daAuts
     D:5: 1697 daAuts
     D:3: 1689 daAuts
     D:6: 1387 daAuts
     D:2: 1330 daAuts
     D:1: 867 daAuts
     D:7: 546 daAuts
 Ossuary: 478 daAuts
